cohdb
Replays
Latest Replays
All Replays
Popular Replays
Top Player Replays
Match Explorer
How It Works
Community
CoH3 Stats
Reddit
Sign in to upload your games and track your stats! →
Sign in with Steam
Match 42614595
Unlisted
Match 42614595
Overview
Messages
Build Orders
End
Construct Section Command Post
Infantry Section
Infantry Section
Infantry Section
Grenade Package
Selects Australian Defense Battlegroup
Selects Australian Light Infantry Section
Selects 2-pounder Anti-tank Gun Team
2-pounder Anti-tank Gun Team
Construct Platoon Command Post
Infantry Training
Jonesy
A2O
iPlayThisNaked
.
raven182
Королева PizdаliSov
Sanchorus
Komrad Dyatlov
0
0
Comments
sign in to comment!
No comments posted yet!